 Dungeon Crawl Stone Soup version 0.30-a0-134-gb40fab5c76 (webtiles) character file.

Game seed: 13922784016921538056

81 Kinoniko the Slasher (level 4, -2/52 HPs)
             Began as a Demonspawn Berserker on Sept 20, 2022.
             Was a Believer of Trog.
             Killed from afar by an orc wizard (3 damage)
             ... with a puff of flame
             ... on level 2 of the Dungeon.
             The game lasted 00:01:01 (1712 turns).

Kinoniko the Slasher (Demonspawn Berserker)         Turns: 1712, Time: 00:01:02

Health: -2/52      AC:  3    Str: 18    XL:     4   Next: 20%
Magic:  4/4        EV: 12    Int:  8    God:    Trog [**....]
Gold:   49         SH:  0    Dex: 14    Spells: 3/3 levels left

rFire   . . .      SeeInvis .    a - +0 falchion
rCold   . . .      Faith    .    (no shield)
rNeg    . . .      Spirit   .    e - +0 leather armour
rPois   .          Reflect  .    (no helmet)
rElec   .          Harm     .    (no cloak)
rCorr   .          Rampage  .    (no gloves)
Will    .....                    (no boots)
Stlth   ..........               (no amulet)
HPRegen 0.17/turn                (no ring)
MPRegen 0.09/turn                (no ring)

@: berserking (expiring), very quick
A: foul stench 2, weakness stinger 1
a: Renounce Religion, Berserk, Trog's Hand


You were on level 2 of the Dungeon.
You worshipped Trog.
Trog was pleased with you.
You visited 1 branch of the dungeon, and saw 2 of its levels.

You collected 49 gold pieces.

Inventory:

Hand Weapons
 a - a +0 falchion (weapon)
Armour
 b - a +0 animal skin
 e - a +0 leather armour (worn)
Scrolls
 c - 2 scrolls of enchant weapon {unknown}
 h - a scroll of noise {unknown}
 i - a scroll of brand weapon {unknown}
 j - a scroll of poison {unknown}
 k - a scroll of identify {unknown}
Potions
 d - a potion of mutation {unknown}
 f - a potion of curing {unknown}
 g - a potion of might {unknown}


   Skills:
 - Level 3.0 Fighting
 * Level 4.6 Long Blades
 - Level 1.7 Armour
 - Level 1.7 Dodging


You had 3 spell levels left.
You didn't know any spells.
Your spell library was empty.

Dungeon Overview and Level Annotations

Branches:
Dungeon (2/15)

Altars:


Innate Abilities, Weirdness & Mutations

You sometimes emit foul miasma when damaged in melee.
You have a small tail.


Message History

You have reached level 3!
Your experience leads to an increase in your attributes!
Increase (S)trength, (I)ntelligence, or (D)exterity?
You feel agile. x2; Your demonic ancestry asserts itself...
You begin to emit a foul stench of rot and decay.
The orc priest hits you with a +0 flail!
* * * LOW HITPOINT WARNING * * *
You see here a +0 flail.
You hit the orc priest.
Your tail-slap misses the orc priest.
The orc priest is moderately wounded.
The orc priest hits you with a +0 flail.
* * * LOW HITPOINT WARNING * * *
The orc wizard gestures wildly while chanting.
The orc wizard flickers and vanishes!
Deactivating autopickup; reactivate with Ctrl-A.
You hit the orc priest.
Your tail-slap misses the orc priest.
The orc priest is heavily wounded.
You closely miss the orc priest.
The orc priest is heavily wounded.
The orc priest hits you with a +0 flail.
* * * LOW HITPOINT WARNING * * *
Unknown command.
You slash the orc priest!
You feel the power of Trog in you as your rage grows.
You kill the orc priest!
Trog accepts your kill.
You can now call upon Trog for regeneration and willpower.
You have reached level 4!
You feel stronger.
Your demonic ancestry asserts itself...
Your foul stench grows more powerful.
You feel a strong urge to attack something.
Something hits you but does no damage.
You are too berserk!
You closely miss something.
Your tail-slap misses something.
You hit something. Something hits you.
* * * LOW HITPOINT WARNING * * *
You closely miss something.
The orc wizard gestures at you while chanting.
The puff of flame hits you.
You die...

##.#.# #.# ...#.#
#.#### ####.# #....#
#.# ####.# o #.# #.#
.# #.# #.# #.##
####.#### #.# .o...
#.......#
##.####......
#.......#
##...@))......
#.....^.#
#..#########..
#...><..####.# #....
#.......##...##.....
#.......##...#oo....
#.......##...#oo....
...........#.#oo....
#.#..........##o....
#.#####.####.###....
#


You could see an orc wizard.

Vanquished Creatures
  2 orc priests (D:2)
  A worm (D:2)
  2 bats (D:1)
  3 endoplasms
  2 giant cockroaches
  3 goblins (D:1)
  A quokka (D:2)
  A ball python (D:1)
  3 frilled lizards (D:1)
  3 kobolds (D:1)
  2 rats (D:1)
23 creatures vanquished.

Notes
Turn   | Place    | Note
-------+----------+-------------------------------------------
     0 | D:1      | Kinoniko the Demonspawn Berserker began the quest for the
                  | Orb.
     0 | D:1      | Reached XP level 1. HP: 18/18 MP: 1/1
   173 | D:1      | Reached skill level 3 in Long Blades
   482 | D:1      | Gained mutation: You have a small tail. [demonic ancestry]
   482 | D:1      | Reached XP level 2. HP: 24/24 MP: 2/2
   849 | D:1      | Found a faded altar of an unknown god.
   849 | D:1      | Noticed a shadow demon
  1702 | D:2      | Reached skill level 4 in Long Blades
  1702 | D:2      | Gained mutation: You may rarely emit foul miasma when
                  | damaged in melee. [demonic ancestry]
  1702 | D:2      | Reached XP level 3. HP: 12/29 MP: 3/3
  1705 | D:2      | HP: 1/43 [orc priest/+0 flail (3)]
  1706 | D:2      | Reached ** piety under Trog
  1707 | D:2      | Gained mutation: You sometimes emit foul miasma when
                  | damaged in melee. [demonic ancestry]
  1707 | D:2      | Reached XP level 4. HP: 1/35 MP: 4/4
  1711 | D:2      | HP: 1/52 [something (1)]
  1712 | D:2      | Killed from afar by an orc wizard

Illustrated notes

Levels and vault maps discovered:
D:1:      minmay_arrival_checkered_box, layout_basic,
          dreamdust_ecumenical_altar_sealed_demon, minmay_misc_feat_rugged
D:2:      cheibrodos_pilgrimage, layout_loops_ring

Skill      XL: |  1  2 |
---------------+-------+-----
Long Blades    | 3 4 |  4.6
Fighting       | |  3.0
Armour         | |  1.7
Dodging        | |  1.7

Action                   |  1- 3 |  4- 6 || total
-------------------------+-------+-------++-------
Melee: Falchion          |    75 |     3 ||    78
       Tailslap          |     3 |       ||     3
Invok: Berserk           |     1 |       ||     1
 Stab: Sleeping          |     1 |       ||     1
Armor: Animal skin       |     7 |       ||     7
       Leather armour    |    11 |     1 ||    12
Dodge: Dodged            |    30 |       ||    30

Table legend: (Time is in decaauts)
 A = Elapsed time spent in this place.
 B = Non-inter-level travel time spent in this place.
 C = Inter-level travel time spent in this place.
 D = Time resting spent in this place.
 E = Time spent auto-exploring this place.
 F = Levels seen in this place.
 G = Mean time per level.
                   A        B        C        D        E       F      G
               +--------+--------+--------+--------+--------+-----+--------+
         Total |   1716 |   1669 |     47 |    164 |   1303 |   2 |  858.0 |
       Dungeon |   1716 |   1669 |     47 |    164 |   1303 |   2 |  858.0 |
               +--------+--------+--------+--------+--------+-----+--------+

Top non-repeatable levels by time:
     D:1: 1344 daAuts
     D:2: 372 daAuts
